 Dungeon Crawl Stone Soup version 0.31-a0-232-gb1c03b2570 (webtiles) character file.

Game seed: 11460302597915112570

354 qw the Shooter (level 6, -3/37 HPs)
             Began as a Gargoyle Hexslinger on July 7, 2023.
             Was an Initiate of Okawaru.
             Slain by a gnoll
             ... wielding a +0 halberd
             ... led by a gnoll bouda
              (4 damage)
             ... on level 4 of the Dungeon.
             The game lasted 00:01:27 (3661 turns).

qw the Shooter (Gargoyle Hexslinger)                Turns: 3661, Time: 00:01:28

Health: -3/37      AC:  9    Str: 12    XL:     6   Next: 63%
Magic:  7/7        EV: 12    Int: 13    God:    Okawaru [......]
Gold:   155        SH:  0    Dex: 14    Spells: 6/7 levels left

rFire   . . .        Y - +2 sling
rCold   . . .        (no shield)
rNeg    + . .        e - +2 animal skin
rPois   inf          h - +0 helmet
rElec   +            (no cloak)
rCorr   .            (no gloves)
SInv    .            (no boots)
Will    .....        (no amulet)
Stlth   +            (no ring)
HPRegen 0.26/turn    (no ring)
MPRegen 0.10/turn

%: no passive effects
@: no status effects
A: sickness immunity, AC +4, negative energy resistance 1, electricity
resistance, torment resistance 1, petrification resistance
a: Renounce Religion


You were on level 4 of the Dungeon.
You worshipped Okawaru.
Okawaru was noncommittal.
You visited 2 branches of the dungeon, and saw 5 of its levels.

You collected 155 gold pieces.


Innate Abilities, Weirdness & Mutations

You are immune to sickness and miasma.
Your stone body is resilient. (AC +4)
You are immune to poison.
You resist negative energy. (rN+)
You are resistant to electric shocks. (rElec)
You are resistant to unholy torment.
You are immune to petrification.


   Skills:
 + Level 3.0 Fighting
 - Level 6.1 Ranged Weapons
 - Level 1.0 Armour
 - Level 1.5 Dodging
 - Level 1.0 Spellcasting
 - Level 2.6 Hexes


You had 6 spell levels left.
You knew the following spells:

 Your Spells              Type           Power      Damage    Failure   Level
a - Slow                  Hex            28%        N/A       10%         1

Your spell library contained the following spells:

 Spells                   Type           Power      Damage    Failure   Level
 Inner Flame              Hex/Fire       4%         N/A       43%         3
 Portal Projectile        Hex/Tloc       8%         N/A       43%         3
 Cause Fear               Hex            3%         N/A       67%         4

Inventory:

Hand Weapons
 Y - a +2 sling (weapon)
Armour
 e - a +2 animal skin (worn)
 h - a +0 helmet (worn)
Jewellery
 j - a ring of fire
Scrolls
 a - a scroll of identify
Potions
 b - a potion of experience {unknown}
 c - a potion of degeneration {unknown}
 d - a potion of magic {unknown}
 f - 2 potions of might
 g - a potion of curing {unknown}
 l - a potion of mutation {unknown}

Dungeon Overview and Level Annotations

Branches:
Dungeon (4/15)             Temple (1/1) D:4

Altars:
Dithmenos
Fedhas
Hepliaklqana
Kikubaaqudgha
Makhleb
Nemelex Xobeh
Okawaru
Ru
Sif Muna
Uskayaw
Vehumet
Wu Jian
Yredelemnul
Zin
The Shining One

Annotations:
D:4 Grinder


Message History

Enter note:
Enter note:
Enter note:
Enter note:
Enter note:
Enter note:
Enter note:
Enter note:
Enter note:
3653 ||| Stepping ~*~*~tactically~*~*~ (outnumbered).
The gnoll hits you with a +0 club.
The gnoll hits you from afar with a +0 halberd.
Grinder comes into view.
You shoot a sling bullet.
The sling bullet hits the gnoll but does no damage.
The gnoll hits you with a +0 club. The gnoll barely misses you.
You shoot a sling bullet.
The sling bullet closely misses the gnoll.
The gnoll hits you but does no damage. The gnoll barely misses you.
3657 ||| Stepping ~*~*~tactically~*~*~ (outnumbered).
The gnoll attacks as you move away! The gnoll hits you with a +0 club.
You shoot a sling bullet. The sling bullet hits the gnoll!
The gnoll is severely wounded.
The gnoll hits you with a +0 club.
You shoot a sling bullet.
The sling bullet closely misses the gnoll.
The gnoll hits you with a +0 club! The gnoll misses you.
The gnoll bouda barks out a call to the hunt!
The gnolls pick up the pace!
You hear a shout! x2
You shoot a sling bullet.
The sling bullet closely misses the gnoll.
The gnoll barely misses you. The gnoll closely misses you.
The gnoll bouda hits you with a +0 club.
You shoot a sling bullet. The sling bullet hits the gnoll.
You kill the gnoll!
Okawaru accepts your kill.
The gnoll bouda hits you with a +0 club.
The gnoll hits you from afar with a +0 halberd.
You die...

.# #......
###.##....## $.....
##.#..#..###
......# #.}.#.#.##
#..... ##7#.#..#.#
##.....
##.###.....#
.......
##.}?###.####
..5....##.#.#.##.##
.....g.#@#.###.#..#
#g).###.}.#.#
.....5g#.###.#.#..#
g.##..g####.####.##
#...# #.}.##.##
..>)# ##.##.##
..... #...#..##
.........#...##
.......# #####


You could see Grinder, a gnoll bouda and 2 gnolls.

Vanquished Creatures
  Eustachio (D:3)
  A howler monkey (D:3)
  An iguana (D:4)
  Robin (D:4)
  A gnoll (D:4)
  5 adders
  A shadow imp (D:3)
  3 dart slugs
  5 orcs (D:3)
  8 ball pythons
  3 bats
  5 endoplasms
  3 giant cockroaches
  15 goblins
  5 hobgoblins
  4 jackals (D:3)
  3 kobolds
  3 quokkas
  3 frilled lizards
  2 rats (D:2)
73 creatures vanquished.

Notes
Turn   | Place    | Note
-------+----------+-------------------------------------------
     0 | D:1      | qw the Gargoyle Hexslinger began the quest for the Orb.
     0 | D:1      | Reached XP level 1. HP: 12/12 MP: 2/2
     0 | D:1      | 0 ||| qw: Version: 0.3-a-46-gb1f654a
     0 | D:1      | 0 ||| qw: Game counter: 2248
     0 | D:1      | 0 ||| qw: Melee chars always use a shield: true
     0 | D:1      | 0 ||| qw: God list: Okawaru
     0 | D:1      | 0 ||| qw: Allow faded altars: false
     0 | D:1      | 0 ||| qw: Do Orc after clearing Dungeon:15 true
     0 | D:1      | 0 ||| qw: Do second Lair branch before Depths: true
     0 | D:1      | 0 ||| qw: Lair rune preference: random
     0 | D:1      | 0 ||| qw: Goals: Normal
     0 | D:1      | 0 ||| PLANNING D:1-11
    84 | D:1      | HP: 3/12 [constriction (1)]
    87 | D:1      | Reached XP level 2. HP: 3/16 MP: 3/3
   194 | D:1      | Found a faded altar of an unknown god.
   393 | D:1      | Reached skill level 3 in Ranged Weapons
   720 | D:1      | 720 ||| UPGRADING to +0 leather armour.
   730 | D:1      | 730 ||| DROPPING +0 robe.
   731 | D:1      | 731 ||| UPGRADING to +0 ring mail.
   741 | D:1      | 741 ||| DROPPING +0 leather armour.
   742 | D:1      | 742 ||| READING scroll labelled UCAICLICEU.
   743 | D:1      | 743 ||| READING scroll labelled KUSIWU XOYPAU.
   744 | D:1      | 744 ||| READING scroll labelled SUIVYANAJA.
   745 | D:1      | 745 ||| DROPPING scroll of poison.
  1033 | D:2      | Reached XP level 3. HP: 17/22 MP: 4/4
  1585 | D:2      | Reached XP level 4. HP: 14/27 MP: 5/5
  1692 | D:2      | 1692 ||| READING scroll labelled TONASKESIL.
  1693 | D:2      | 1693 ||| READING scroll labelled ACUARCH OPIBUEN.
  1794 | D:2      | 1794 ||| READING 2 scrolls labelled BEUHEV PUHA.
  1795 | D:2      | 1795 ||| DRINKING 2 fuming amethyst potions.
  1822 | D:2      | 1822 ||| DRINKING 2 bubbling green potions.
  1823 | D:2      | 1823 ||| DROPPING potion of lignification.
  1824 | D:2      | 1824 ||| DROPPING scroll of revelation.
  1958 | D:3      | Found a hide-covered altar of Uskayaw.
  1986 | D:3      | Found an ornate altar of the Wu Jian Council.
  2029 | D:3      | 2029 ||| FLEEEEING.
  2030 | D:3      | 2030 ||| FLEEEEING.
  2031 | D:3      | 2031 ||| FLEEEEING.
  2032 | D:3      | 2032 ||| FLEEEEING.
  2033 | D:3      | 2033 ||| FLEEEEING.
  2034 | D:3      | 2034 ||| FLEEEEING.
  2035 | D:3      | 2035 ||| FLEEEEING.
  2191 | D:3      | Found a burning altar of Makhleb.
  2233 | D:3      | Reached skill level 4 in Ranged Weapons
  2312 | D:3      | Found a blossoming altar of Fedhas.
  2369 | D:3      | Reached skill level 1 in Armour
  2730 | D:3      | 2730 ||| READING 2 scrolls labelled EPACZAPH DOSCH.
  2731 | D:3      | 2731 ||| READING scroll labelled ITZUXE ROANGI.
  2732 | D:3      | 2732 ||| READING scroll labelled VUSTOG ENWOA.
  2733 | D:3      | 2733 ||| DROPPING scroll of fog.
  2785 | D:4      | Noticed Robin
  2785 | D:4      | Noticed Eustachio
  2791 | D:4      | 2791 ||| STAIRDANCE
  2795 | D:3      | Reached XP level 5. HP: 10/31 MP: 6/6
  2894 | D:4      | 2894 ||| STAIRDANCE
  2920 | D:4      | 2920 ||| STAIRDANCE
  2978 | D:4      | 2978 ||| STAIRDANCE
  3005 | D:4      | 3005 ||| STAIRDANCE
  3069 | D:4      | 3069 ||| STAIRDANCE
  3081 | D:3      | 3081 ||| FLEEEEING.
  3083 | D:3      | 3083 ||| FLEEEEING.
  3085 | D:3      | 3085 ||| FLEEEEING.
  3087 | D:3      | 3087 ||| STAIRDANCE
  3180 | D:3      | 3180 ||| Stepping ~*~*~tactically~*~*~ (outnumbered).
  3181 | D:3      | 3181 ||| Stepping ~*~*~tactically~*~*~ (outnumbered).
  3185 | D:3      | Killed Eustachio
  3186 | D:3      | Reached skill level 6 in Ranged Weapons
  3186 | D:3      | Reached XP level 6. HP: 27/36 MP: 7/7
  3231 | D:4      | Killed Robin
  3373 | D:4      | Found a staircase to the Ecumenical Temple.
  3374 | D:4      | 3374 ||| PLANNING TEMPLE
  3374 | D:4      | 3374 ||| UPGRADING to +2 animal skin.
  3384 | D:4      | 3384 ||| UPGRADING to +0 helmet.
  3389 | D:4      | 3389 ||| DROPPING +0 ring mail.
  3390 | D:4      | 3390 ||| READING scroll labelled POPEHO VEAXOP.
  3425 | Temple   | Entered the Ecumenical Temple
  3469 | Temple   | 3469 ||| PLANNING OKAWARU WORSHIP
  3563 | Temple   | Became a worshipper of Warmaster Okawaru
  3564 | Temple   | 3564 ||| PLANNING D:1-11
  3584 | D:4      | Reached skill level 3 in Fighting
  3651 | D:4      | 3651 ||| Stepping ~*~*~tactically~*~*~ (outnumbered).
  3653 | D:4      | 3653 ||| Stepping ~*~*~tactically~*~*~ (outnumbered).
  3654 | D:4      | Noticed Grinder
  3657 | D:4      | 3657 ||| Stepping ~*~*~tactically~*~*~ (outnumbered).
  3659 | D:4      | HP: 8/37 [gnoll/+0 club[a gnoll bouda] (7)]
  3661 | D:4      | HP: 1/37 [gnoll bouda/+0 club (3)]
  3661 | D:4      | Slain by a gnoll

Levels and vault maps discovered:
D:1:      dpeg_arrival_snail, layout_loops_ring, basic_ecumenical_altar
D:2:      layout_loops_corners
D:3:      layout_basic, mainiacjoe_overflow_24_doors, bloody_makhleb,
          nicolae_uskayaw_murder_on_the_dancefloor, nzn_wu_jian_council_hall,
          chequers_big_river
D:4:      minmay_chambers_of_threes, layout_cave_pools,
          minmay_temple_entry_junction, grunt_decor_mini_mirrors,
          uniq_eustachio, uniq_robin, uniq_grinder
Temple:   jpeg_temple_clearing

Skill      XL: |  1  2  3  4  5  6 |
---------------+-------------------+-----
Ranged Weapons | 3 4 6 |  6.1
Fighting       | 2 3 |  3.0
Armour         | 1 |  1.0
Dodging        | |  1.5
Spellcasting   | |  1.0
Hexes          | |  2.6

Action                     |  1- 3 |  4- 6 || total
---------------------------+-------+-------++-------
   Fire: Sling             |   101 |   201 ||   302
    Use: Scroll            |     3 |     7 ||    10
         Potion            |       |     2 ||     2
 Armour: Robe              |     8 |       ||     8
         Ring mail         |    27 |    94 ||   121
         Animal skin       |       |     2 ||     2
  Dodge: Dodged            |    55 |   170 ||   225

Table legend:
 A = Non-vault XP
 B = Vault XP
 C = Vault XP percentage of total XP
 D = Non-vault monster count
 E = Vault monster count
 F = Vault count percentage of total count
                 A         B        C        D         E       F
            +---------+---------+-------+---------+---------+-------
      Total |     281 |     240 |  46.1 |      59 |      14 |  19.2
            +---------+---------+-------+---------+---------+-------
        D:1 |      24 |       0 |   0.0 |      12 |       0 |   0.0
        D:2 |      64 |       0 |   0.0 |      16 |       0 |   0.0
        D:3 |     124 |     213 |  63.2 |      24 |       7 |  22.6
        D:4 |      69 |      27 |  28.1 |       7 |       7 |  50.0
            +---------+---------+-------+---------+---------+-------
